 Dungeon Crawl Stone Soup version 0.28-a0-514-g0d7ab7f379 (webtiles) character file.

Game seed: 12168467427794588095

189 avis the Skirmisher (level 5, -2/55 HPs)
             Began as an Ogre Warper on Sept 23, 2021.
             Slain by a gnoll (6 damage)
             ... on level 3 of the Dungeon.
             The game lasted 00:15:24 (4105 turns).

avis the Skirmisher (Ogre Warper)                   Turns: 4105, Time: 00:15:25

Health: -2/55      AC:  3    Str: 15    XL:     5   Next: 68%
Magic:  8/8        EV:  9    Int: 15    God:
Gold:   95         SH:  0    Dex:  8    Spells: 3/8 levels left

rFire   . . .      SeeInvis .   a - +5 club
rCold   . . .      Faith    .   (no shield)
rNeg    . . .      Spirit   .   o - +0 robe
rPois   .          Reflect  .   (helmet restricted)
rElec   .          Harm     .   (no cloak)
rCorr   .          Rampage  .   (gloves unavailable)
Will    +....                   (boots unavailable)
Stlth   +.........              (no amulet)
HPRegen 0.18/turn               f - ring of willpower
MPRegen 0.11/turn               (no ring)

@: no status effects
A: large, unfitting armour, tough skin 1
a: no special abilities


You were on level 3 of the Dungeon.
You visited 1 branch of the dungeon, and saw 3 of its levels.

You collected 95 gold pieces.

Inventory:

Hand Weapons
 a - a +5 club (weapon)
 b - a +0 hunting sling
 u - a +0 flail
 v - a +1 dagger of venom
 w - a +1 vorpal spear
Missiles
 d - 5 boomerangs of dispersal (quivered)
 e - 93 stones
 g - a throwing net
 s - 22 sling bullets
Armour
 o - a +0 robe (worn)
Jewellery
 f - a ring of willpower (left hand)
Wands
 n - a wand of flame (12)
 x - a wand of acid (11)
Scrolls
 c - a scroll of blinking
 h - a scroll of amnesia {unknown}
 j - a scroll of enchant armour {unknown}
 m - a scroll of silence {unknown}
 p - 2 scrolls of teleportation {unknown}
 q - a scroll of brand weapon {unknown}
 t - 3 scrolls of immolation
Potions
 i - 2 potions of curing {unknown}
 k - 2 potions of flight
 l - a potion of might
 r - a potion of degeneration {unknown}


   Skills:
 + Level 4.8 Fighting
 * Level 4.3 Maces & Flails
 - Level 1.0 Throwing
 - Level 2.1 Dodging
 - Level 2.4 Spellcasting
 - Level 2.6 Translocations


You had 3 spell levels left.
You knew the following spells:

 Your Spells              Type           Power      Damage    Failure   Level
b - Blink                 Tloc           N/A        N/A       11%         2
o - Teleport Other        Tloc           9%         N/A       22%         3

Your spell library contained the following spells:

 Spells                   Type           Power      Damage    Failure   Level
 Gell's Gravitas          Tloc           4%         N/A       22%         3
 Lesser Beckoning         Tloc           9%         N/A       22%         3
 Manifold Assault         Tloc           9%         N/A       89%         5


Dungeon Overview and Level Annotations

Branches:
Dungeon (3/15)

Altars:

Shops:
D:3 :


Innate Abilities, Weirdness & Mutations

You are too large for most types of armour.
You have tough skin. (AC +1)


Message History

The gnoll is almost dead.
The gnoll hits you with a +0 club.
The gnoll hits you from afar with a +0 halberd!
There is a stone staircase leading up here.
The gnoll hits you with a +0 club!
* * * LOW HITPOINT WARNING * * *
The gnoll closely misses you.
You climb upwards.
There is a stone staircase leading down here.
You hit the gnoll.
You kill the gnoll!
Things that are here:
a +0 club; a gnoll corpse
There is a stone staircase leading down here.
You start resting.
HP restored.
You climb downwards.
There is a stone staircase leading up here.
The gnoll hits you with a +0 halberd!
You thump the gnoll!
The gnoll is severely wounded.
The gnoll hits you from afar with a +0 spear.
You hit the gnoll.
The gnoll is almost dead.
The gnoll hits you with a +0 halberd! The ball python bites you.
The gnoll closely misses you. The gnoll hits you with a +0 halberd!
You barely miss the gnoll.
The gnoll is almost dead.
The ball python barely misses you. The gnoll closely misses you.
The gnoll hits you with a +0 halberd!
* * * LOW HITPOINT WARNING * * *
You hit the gnoll.
You kill the gnoll!
The ball python bites you but does no damage.
The gnoll hits you from afar with a +0 spear.
* * * LOW HITPOINT WARNING * * *
The ball python completely misses you.
You closely miss the ball python.
The gnoll hits you from afar with a +0 spear.
You die...

######### ........#
########
........############.......
..........<.........>.....†
..........@#########.......
##########)S.##############
###g......##
##########..#####
#.........#.....#
.###.......g.#####.#
.............# ..##
####.........######...
........g.............


You could see a gnoll and a ball python.

Vanquished Creatures
  Robin (D:2)
  5 gnolls
  6 adders
  A worm (D:2)
  A dart slug (D:2)
  5 bats
  4 endoplasms
  2 giant cockroaches (D:2)
  8 hobgoblins
  3 quokkas
  6 ball pythons
  2 frilled lizards (D:3)
  16 goblins
  6 kobolds
  3 rats
69 creatures vanquished.

Notes
Turn   | Place    | Note
-------+----------+-------------------------------------------
     0 | D:1      | avis the Ogre Warper began the quest for the Orb.
     0 | D:1      | Reached XP level 1. HP: 22/22 MP: 3/3
   346 | D:1      | Reached XP level 2. HP: 31/31 MP: 5/5
  1273 | D:2      | Reached XP level 3. HP: 33/37 MP: 6/6
  1852 | D:1      | Reached XP level 4. HP: 27/48 MP: 7/7
  2998 | D:2      | Found a faded altar of an unknown god.
  3256 | D:2      | Noticed Robin
  3259 | D:2      | Reached XP level 5. HP: 55/55 MP: 8/8
  3279 | D:2      | Killed Robin
  3685 | D:3      | Found Zuremm's Book Boutique.
  3740 | D:3      | Learned a level 2 spell: Blink
  3744 | D:3      | Learned a level 3 spell: Teleport Other
  4105 | D:3      | Slain by a gnoll

Illustrated notes

Levels and vault maps discovered:
D:1:      ncdulo_watergridlock, layout_loops_ring
D:2:      layout_basic, hellmonk_ecumenical_altar_blasted, uniq_robin
D:3:      layout_rooms, serial_shops, shop

Skill      XL: |  1  2  3  4  5 |
---------------+----------------+-----
Maces & Flails | 2 3 4 |  4.3
Fighting       | 3 4 |  4.8
Throwing       | |  1.0
Dodging        | |  2.1
Spellcasting   | |  2.4
Translocations | |  2.6

Action                   |  1- 3 |  4- 6 || total
-------------------------+-------+-------++-------
Melee: Mace              |    31 |       ||    31
       Spear             |    77 |    51 ||   128
       Flail             |       |    19 ||    19
       Club              |       |    50 ||    50
  Use: Potion            |       |     2 ||     2
Armor: Robe              |    43 |    31 ||    74
Dodge: Dodged            |    53 |    62 ||   115

Table legend: (Time is in decaauts)
 A = Elapsed time spent in this place.
 B = Non-inter-level travel time spent in this place.
 C = Inter-level travel time spent in this place.
 D = Time resting spent in this place.
 E = Time spent auto-exploring this place.
 F = Levels seen in this place.
 G = Mean time per level.
                   A        B        C        D        E       F      G
               +--------+--------+--------+--------+--------+-----+--------+
         Total |   4142 |   3969 |    173 |   1978 |   1148 |   3 | 1380.7 |
       Dungeon |   4142 |   3969 |    173 |   1978 |   1148 |   3 | 1380.7 |
               +--------+--------+--------+--------+--------+-----+--------+

Top non-repeatable levels by time:
     D:2: 2116 daAuts
     D:1: 1696 daAuts
     D:3: 329 daAuts
